AoeStats
← OctopusRewind

Arabian Desert

510418149Analyzed
1v1 RM · 2d ago on Sep 30, 2026· 40m 15s· 2 players
Game mode
Random Map
Map size
Tiny (2 player)
Population
200
Speed
Normal
Resources
Standard
Victory
Conquest
Starting age
Dark Age
Ending age
Imperial Age
RankedLock teamsTeams togetherTeam positionsShared explorationLock speedFull tech treeHidden civsTurbo modeCheats
Victory
Defeat
🇧🇷 Malians · Brazil
509
+14
🇺🇸 Varangians · United States
475
-15
OctopusRewind
1:41 Loom
13:19 Feudal Age
15:21 Wheelbarrow
14:32 Town Watch
14:43 Double-Bit Axe
16:34 Horse Collar
16:48 Gold Mining
20:32 Man-at-Arms
24:34 Scale Mail Armor
24:45 Forging
24:36 Padded Archer Armor
24:27 Fletching
24:44 Scale Barding Armor
25:54 Arson
27:50 Stone Mining
28:19 Bloodlines
36:13 Castle Age
36:47 Long Swordsman
36:50 Pikeman
37:32 Squires
37:19 Gambesons
36:58 Crossbowman
37:42 Husbandry
37:51 Heavy Plow
38:19 Hand Cart
38:43 Bow Saw
Tompzera
5:05 Loom
11:49 Feudal Age
13:20 Wheelbarrow
12:32 Double-Bit Axe
16:18 Horse Collar
23:38 Castle Age
21:33 Stone Mining
23:45 Bloodlines
25:29 Hand Cart
25:17 Town Watch
26:08 Bow Saw
27:43 Treadmill Crane
29:31 Heavy Plow
31:21 Tigui
32:17 Gold Mining
36:37 Imperial Age
36:45 Thumb Ring
36:56 Light Cavalry
38:30 Conscription
38:36 Husbandry
40:11 Chemistry
Connection lost

Rejoining the realm…

Still unreachable

The connection could not be restored.

Session expired

The server has moved on; the page needs a fresh start.